 Dungeon Crawl Stone Soup version 0.27.0-1-g7a089689b8 (webtiles) character file.

Game seed: 7926444325951275239

4468 GordonOverkill the Geomancer (level 10, -3/66 HPs)
             Began as an Octopode Arcane Marksman on Aug 11, 2021.
             Was a Follower of Ashenzari.
             Slain by Grum (22 damage)
             ... on level 8 of the Dungeon.
             The game lasted 00:33:11 (13411 turns).

GordonOverkill the Geomancer (OpAM)                Turns: 13411, Time: 00:33:12

Health: -3/66      AC:  1    Str: 15    XL:     10   Next: 37%
Magic:  17/17      EV: 17    Int: 20    God:    Ashenzari [*.....]
Gold:   98         SH:  0    Dex: 12    Spells: 9/19 levels left

rFire    . . .     SeeInvis .   I - +3 dagger (venom)
rCold    . . .     Faith    .   (no shield)
rNeg     + . .     Spirit   .   (helmet restricted)
rPois    .         Reflect  .   e - amulet of Ashenzari's Negligence {Regen+, Elem, Evo} (curse)
rElec    .         Harm     .   g - ring of positive energy
rCorr    .         Rampage  .   x - +6 ring of strength
Will     .....                  D - ring "Oracle of Ashenzari" {EV+4, Elem, Fort} (curse)
Stlth    ++........             (no ring)
HPRegen  1.21/turn              (no ring)
MPRegen  0.15/turn              (no ring)
                                (no ring)
                                (no ring)

@: no status effects
A: almost no armour, amphibious, 8 rings, camouflage 1, gelatinous body 1,
(nimble swimmer 1), tentacles
a: Renounce Religion, Shatter the Chains


You were on level 8 of the Dungeon.
You worshipped Ashenzari.
Ashenzari was aware of your devotion.
You visited 2 branches of the dungeon, and saw 10 of its levels.
You also visited: Ossuary.

You collected 560 gold pieces.
You spent 462 gold pieces at shops.

Inventory:

Hand Weapons
 y - a +5 mace
 I - a +3 dagger of venom (weapon)
Missiles
 a - 5 javelins
 f - 6 silver javelins (quivered)
 i - 28 poisoned darts
 m - 9 boomerangs
 F - 3 boomerangs of dispersal
 H - a curare-tipped dart
Armour
 E - a +2 kite shield
Jewellery
 e - the cursed amulet of Ashenzari's Negligence (around mantle) {Regen+, Elem, Evo}
   (You found it on level 4 of the Dungeon)

   [amulet of regeneration]

   Regen:     It increases your rate of health regeneration.
   It has a curse which improves the following skills: Elements: Fire Magic, Ice
   Magic, Air Magic and Earth Magic.
   Evocations: Evocations.
 g - a ring of positive energy (left tentacle)
 x - a +6 ring of strength (right tentacle)
 D - the cursed ring "Oracle of Ashenzari" (on tentacle) {EV+4, Elem, Fort}
   (You found it on level 7 of the Dungeon)

   [ring of evasion]

   EV:        It affects your evasion (+4).
   It has a curse which improves the following skills: Elements: Fire Magic, Ice
   Magic, Air Magic and Earth Magic.
   Fortitude: Shields.
Wands
 h - a wand of polymorph (11)
 j - a wand of mindburst (20)
 v - a wand of iceblast (19)
 w - a wand of acid (15)
 B - a wand of flame (40)
Scrolls
 b - a scroll of summoning
 k - 2 scrolls of amnesia
 p - a scroll of blinking
 q - a scroll of fear
 r - a scroll of magic mapping
 t - 2 scrolls of enchant armour
 u - a scroll of brand weapon
Potions
 c - 4 potions of curing
 d - 3 potions of lignification
 l - 2 potions of brilliance
 n - 2 potions of resistance
 o - 6 potions of heal wounds
 s - a potion of haste
 A - a potion of flight
 C - 3 potions of invisibility
 G - 2 potions of berserk rage


   Skills:
 - Level 5.0 Fighting
 - Level 5.0 Throwing
 - Level 2.0 Dodging
 + Level 4.9(5.9) Shields
 - Level 5.0 Spellcasting
 - Level 5.0 Hexes
 + Level 9.0(10.5) Earth Magic
 - Level 4.7(5.7) Evocations


You had 9 spell levels left.
You knew the following spells:

 Your Spells              Type           Power      Damage    Failure   Level
a - Cause Fear            Hex            12%        N/A       14%         4
b - Slow                  Hex            25%        N/A       2%          2
c - Petrify               Tmut/Erth      26%        N/A       13%         4

Your spell library contained the following spells:

 Spells                   Type           Power      Damage    Failure   Level
 Corona                   Hex            27%        N/A       1%          1
 Inner Flame              Hex/Fire       15%        N/A       12%         3
 Portal Projectile        Hex/Tloc       30%        N/A       12%         3
 Summon Guardian Golem    Hex/Summ       15%        N/A       12%         3
 Monstrous Menagerie      Summ           2%         N/A       100%        7


Dungeon Overview and Level Annotations

Branches:
Dungeon (9/15)             Temple (1/1) D:5         Ossuary (visited)
   Lair: D:8-11         Orc: D:9-12

Altars:
Ashenzari
Cheibriados
Dithmenos
Elyvilon
Fedhas
Gozag
Hepliaklqana
Kikubaaqudgha
Makhleb
Nemelex Xobeh
Okawaru
Qazlal
Sif Muna
Trog
Uskayaw
Vehumet
Wu Jian
Xom
Yredelemnul
Zin
The Shining One

Shops:
D:7 !

Annotations:
D:8 Grum


Innate Abilities, Weirdness & Mutations

You cannot wear most types of armour.
You are amphibious.
You can wear up to eight rings at the same time.
Your skin changes colour to match your surroundings (Stealth+).
Your rubbery body absorbs attacks. (AC +1, EV +1)
((You are camouflaged near water. (Stealth+)))
You have tentacles for arms and can constrict up to eight enemies at once.


Message History

You squeeze the wolf, but do no damage.
The wolf is almost dead.
You constrict the wolf.
The helpless wolf fails to defend itself.
You hit the wolf.
The wolf is almost dead.
You constrict the wolf.
You kill the wolf!
Your base Earth Magic skill increases to level 9!
You see here a wolf corpse.
You start resting.
HP restored.
You start resting.
Magic restored.
You see here a +0 mace.
There is a stone staircase leading down, spattered with blood here.
You climb downwards.
Level annotation: Grum The centaur shoots an arrow.
The arrow closely misses you.
The centaur shoots an arrow.
The arrow barely misses you.
The centaur shoots an arrow.
The arrow closely misses you.
There is a stone staircase leading up, spattered with blood here.
Grum hits you from afar with a +1 spear!!
The centaur shoots an arrow.
The arrow closely misses you.
The centaur shoots an arrow.
The arrow completely misses you.
The centaur shoots an arrow.
The arrow completely misses you. Grum hits you with a +1 spear!!
* * * LOW HITPOINT WARNING * * *
The centaur shoots an arrow.
The arrow misses you.
Grum glances around and shouts, "Junior!
Here boy!"
Grum barely misses you.
The centaur shoots an arrow.
The arrow hits you.
* * * LOW HITPOINT WARNING * * *
There is a stone staircase leading up, spattered with blood here.
The centaur shoots an arrow.
The arrow closely misses you. Grum hits you with a +1 spear!
* * * LOW HITPOINT WARNING * * *
You climb upwards.
There is a stone staircase leading down, spattered with blood here.
Grum hits you from afar with a +1 spear!!
You die...

#.# ##.#.# #.#
#.#.# #.# #.#.##
##.# #.#..# ...#
#.##.# ####
#.##.## #...g)#
####.># # #)@# #
#.†# # #..# #
#..# ## #..# .##
#..# #.## #..#
##.######### #..#
#.........####..#


You could see Grum.

Vanquished Creatures
  A hornet (D:9)
  A troll (D:6)
  Sigmund (D:6)
  3 water moccasins
  4 orc warriors
  An ice beast (D:7)
  2 ogres
  A centaur (D:9)
  3 wolves (D:8)
  2 phantoms
  4 bullfrogs
  4 kobold brigands
  A gnoll sergeant (D:7)
  4 scorpions
  A wyvern skeleton (D:6)
  5 killer bees
  2 howler monkeys
  3 wights
  6 centaur zombies (Ossuary)
  A bullfrog zombie (D:6)
  3 hounds
  5 orc priests
  A centaur skeleton (D:7)
  Terence (D:2)
  A bullfrog skeleton (D:5)
  4 iguanas
  3 orc wizards
  A scorpion zombie (D:5)
  A killer bee zombie (D:8)
  A howler monkey zombie (D:7)
  5 mummies (Ossuary)
  11 adders
  6 gnolls
  A shadow imp (D:8)
  A white imp (D:7)
  An ufetubus (D:5)
  3 worms
  29 orcs
  8 ball pythons
  4 endoplasms
  4 giant cockroaches
  6 goblins
  6 hobgoblins
  27 kobolds
  2 quokkas
  8 bats
  3 hobgoblin zombies (Ossuary)
  8 rats
204 creatures vanquished.

Vanquished Creatures (others)
  4 plants (D:2)
  6 withered plants (D:2)
10 creatures vanquished.

Grand Total: 214 creatures vanquished

Notes
Turn   | Place    | Note
-------+----------+-------------------------------------------
     0 | D:1      | GordonOverkill the Octopode Arcane Marksman began the quest
                  | for the Orb.
     0 | D:1      | Reached XP level 1. HP: 13/13 MP: 2/2
    98 | D:1      | Got the Catalogue of the Ashen Escort
   292 | D:1      | Reached XP level 2. HP: 17/18 MP: 3/3
   802 | D:1      | Learned a level 2 spell: Slow
  1071 | D:2      | Reached XP level 3. HP: 20/23 MP: 0/5
  1161 | D:2      | Reached skill level 1 in Earth Magic
  1458 | D:2      | Reached XP level 4. HP: 15/29 MP: 1/6
  1645 | D:2      | Noticed Terence
  2127 | D:2      | Killed Terence
  2618 | D:2      | Found a faded altar of an unknown god.
  3016 | D:2      | Reached XP level 5. HP: 34/34 MP: 8/8
  3051 | D:3      | Reached skill level 2 in Earth Magic
  4167 | D:4      | Reached XP level 6. HP: 35/41 MP: 1/9
  4908 | D:4      | Reached XP level 7. HP: 46/46 MP: 11/11
  5109 | D:4      | Reached skill level 3 in Earth Magic
  5109 | D:4      | Reached skill level 1 in Evocations
  5579 | D:4      | Found a blossoming altar of Fedhas.
  5620 | D:5      | Entered Level 5 of the Dungeon
  5721 | D:5      | Found a staircase to the Ecumenical Temple.
  5730 | Temple   | Entered the Ecumenical Temple
  5998 | Temple   | Became a worshipper of Ashenzari the Shackled
  6487 | D:5      | Found a snail-covered altar of Cheibriados.
  6646 | D:5      | Reached XP level 8. HP: 43/54 MP: 4/13
  6713 | D:5      | Learned a level 4 spell: Cause Fear
  6718 | D:5      | Learned a level 4 spell: Petrify
  6958 | D:6      | Found a sand-covered staircase.
  6964 | Ossuary  | Entered an ossuary
  7344 | Ossuary  | Reached skill level 5 in Hexes
  7379 | Ossuary  | Reached skill level 4 in Earth Magic
  7811 | D:6      | Noticed Sigmund
  7816 | D:6      | Killed Sigmund
  7817 | D:6      | Reached skill level 5 in Throwing
  8046 | D:6      | Reached XP level 9. HP: 60/60 MP: 13/15
  8193 | D:6      | Reached skill level 5 in Fighting
  8338 | D:7      | Reached skill level 5 in Earth Magic
  8912 | D:7      | Found Copyomy's Distillery.
  8923 | D:7      | Noticed a troll
  9381 | D:6      | Killed a troll
  9382 | D:6      | Reached skill level 5 in Spellcasting
  9895 | D:7      | Reached skill level 6 in Earth Magic
 10048 | D:7      | Reached skill level 7 in Earth Magic
 10131 | D:7      | Bought a potion of invisibility for 88 gold pieces
 10131 | D:7      | Bought 2 potions of invisibility for 176 gold pieces
 10131 | D:7      | Bought a potion of resistance for 110 gold pieces
 10131 | D:7      | Bought a potion of heal wounds for 55 gold pieces
 10131 | D:7      | Bought a potion of curing for 33 gold pieces
 10510 | D:8      | Found an iron altar of Okawaru.
 10581 | D:8      | Reached skill level 1 in Shields
 10774 | D:8      | Reached * piety under Ashenzari
 11363 | D:8      | Reached skill level 8 in Earth Magic
 11363 | D:8      | Reached XP level 10. HP: 57/66 MP: 17/17
 12297 | D:9      | Paralysed by a hornet for 2 turns
 12597 | D:9      | Noticed Grum
 12722 | D:8      | Found an iron altar of Okawaru.
 13386 | D:8      | Reached skill level 9 in Earth Magic
 13411 | D:8      | Slain by Grum

Illustrated notes

Levels and vault maps discovered:
D:1:      psy_arrival_whirlpool, layout_loops_ring, nrook_mini_vaults,
          minmay_misc_feat_doors
D:2:      layout_basic, serial_glass, glass_columns_a, glass_columns_b,
          shapermc_ecumenical_altar_flowoftime, minmay_divided_ellipse,
          uniq_terence
D:3:      layout_loops_ring
D:4:      layout_basic, general_overflow_altar, moated_statue,
          chequers_hall_statues_wall_a, kennysheep_generic_room_14
D:5:      layout_loops_corners, nicolae_overflow_crystal_walls,
          minmay_temple_entry_antechambers, minivault_4,
          minmay_misc_feat_ornament
D:6:      layout_rooms, nicolae_ossuary_entry_ruins, uniq_sigmund
D:7:      layout_cave_pools, serial_shops, shop
D:8:      layout_loops_ring, okawaru_metal_pillars_1_2
D:9:      layout_big_octagon, minivault_25_ag, uniq_grum
Temple:   dpeg_five_rooms_temple

Skill      XL: |  1  2  3  4  5  6  7  8  9 10 |
---------------+-------------------------------+-----
Earth Magic    | 1 2 3 4 8 9 |  9.0
Fighting       | 2 3 4 5 |  5.0
Spellcasting   | 2 3 4 5 |  5.0
Throwing       | 3 4 5 |  5.0
Hexes          | 4 5 |  5.0
Evocations     | 2 3 4 |  4.7
Shields        | 3 4 |  4.9
Dodging        | |  2.0

Action                   |  1- 3 |  4- 6 |  7- 9 | 10-12 || total
-------------------------+-------+-------+-------+-------++-------
Melee: Whip              |    12 |       |    93 |     8 ||   113
       Constrict         |    21 |    28 |    68 |    20 ||   137
       Tentacles         |     8 |    23 |    94 |    30 ||   155
       Unarmed           |     1 |       |       |       ||     1
       Dagger            |    67 |   165 |   269 |    99 ||   600
       Mace              |       |       |    23 |       ||    23
Throw: Javelin           |     3 |    38 |    28 |     6 ||    75
       Throwing net      |       |     4 |     1 |       ||     5
 Cast: Slow              |     6 |    37 |   103 |    17 ||   163
       Petrify           |       |       |     4 |    17 ||    21
       Cause Fear        |       |       |       |     7 ||     7
Invok: Curse Item        |       |       |     2 |       ||     2
Evoke: Wand              |       |     1 |    23 |       ||    24
  Use: Scroll            |     1 |     4 |     3 |     2 ||    10
       Potion            |       |     2 |       |       ||     2
 Stab: Sleeping          |     5 |     5 |     5 |       ||    15
       Paralysed         |       |       |    31 |       ||    31
       Petrified         |       |       |       |    48 ||    48
       Petrifying        |       |       |       |     1 ||     1
Armor: Skin              |     6 |     7 |    22 |     5 ||    40
Dodge: Dodged            |    57 |    85 |   255 |   137 ||   534
